 Dungeon Crawl Stone Soup version 0.27.0-1-g7a089689b8 (webtiles) character file.

Game seed: 1833881957018828828

59 SkeletonJelly the Slasher (level 3, 0/31 HPs)
             Began as a Draconian Monk on Aug 14, 2021.
             Was a Follower of Uskayaw.
             Slain by a worm (10 damage)
             ... on level 2 of the Dungeon.
             The game lasted 00:02:22 (1982 turns).

SkeletonJelly the Slasher (Draconian Monk)          Turns: 1982, Time: 00:02:23

Health: 0/31       AC:  5    Str: 13    XL:     3   Next: 78%
Magic:  3/3        EV: 12    Int: 10    God:    Uskayaw [*.....]
Gold:   51         SH:  0    Dex: 14    Spells: 2/2 levels left

rFire    + . .     SeeInvis .   a - +0 falchion
rCold    . . .     Faith    .   (no shield)
rNeg     . . .     Spirit   .   (armour unavailable)
rPois    .         Reflect  .   (helmet restricted)
rElec    .         Harm     .   (no cloak)
rCorr    .         Rampage  .   (no gloves)
Will     .....                  (no boots)
Stlth    ++........             (no amulet)
HPRegen  0.10/turn              i - ring of protection from fire
MPRegen  0.08/turn              (no ring)

@: no status effects
A: AC +5, unfitting armour, cold-blooded
a: Renounce Religion, Stomp


You were on level 2 of the Dungeon.
You worshipped Uskayaw.
Uskayaw was noncommittal.
You visited 1 branch of the dungeon, and saw 2 of its levels.

You collected 51 gold pieces.

Inventory:

Hand Weapons
 a - a +0 falchion (weapon)
 b - a +4 dagger of draining
Jewellery
 i - a ring of protection from fire (left hand)
Scrolls
 e - a scroll of noise {unknown}
 f - a scroll of teleportation {unknown}
 h - a scroll of immolation
 j - 2 scrolls of identify {unknown}
 k - a scroll of magic mapping {unknown}
Potions
 c - a potion of curing {unknown}
 d - a potion of berserk rage {unknown}
 g - a potion of heal wounds {unknown}
 l - a potion of resistance {unknown}


   Skills:
 - Level 3.2 Fighting
 + Level 4.8 Long Blades
 - Level 2.6 Dodging
 - Level 1.7 Stealth


You had 2 spell levels left.
You didn't know any spells.
Your spell library was empty.

Dungeon Overview and Level Annotations

Branches:
Dungeon (2/15)

Altars:
Uskayaw


Innate Abilities, Weirdness & Mutations

Your plain brown scales are hard. (AC +5)
You cannot fit into any form of body armour.
You are cold-blooded and may be slowed by cold attacks.


Message History

You see here a +0 dagger.
k - a scroll labelled JIM ATZUCLUI You see here a +0 dagger.
Found a stone staircase leading down.
Key pressed, stopping explore.
l - an inky potion Key pressed, stopping explore.
Key pressed, stopping explore.
Key pressed, stopping explore.
j - 2 scrolls labelled UCRURU UMPONE (gained 1)
You now have 51 gold pieces (gained 14).
Found a hand axe.
Found a scale mail.
You see here a +0 scale mail.
A hobgoblin comes into view.
A hobgoblin is nearby!
The hobgoblin shouts!
You barely miss the hobgoblin. The hobgoblin hits you.
You slash the hobgoblin!
You kill the hobgoblin!
No target in view!
No target in view!
No target in view!
No target in view!
No target in view!
You open the door.
A bat and a dart slug come into view.
There are monsters nearby!
There are monsters nearby!
A giant cockroach comes into view.
The bat hits you.
There is an open door here.
You hit the bat.
The bat is heavily wounded.
The bat barely misses you.
You closely miss the bat.
The bat is heavily wounded.
The bat barely misses you. The bat misses you.
You riposte.
You hit the bat.
You kill the bat!
The helpless dart slug fails to defend itself.
You hit the dart slug.
The dart slug is severely wounded.
The dart slug launches a dart at you. The slug dart hits you.
You hit the dart slug.
The dart slug is almost dead.
You can now pass through a line of other dancers.
You hit the dart slug.
You kill the dart slug!
The giant cockroach misses you.
You barely miss the giant cockroach. The giant cockroach barely misses you.
The giant cockroach bites you but does no damage.
You hit the giant cockroach.
The giant cockroach is almost dead.
The giant cockroach bites you.
You completely miss the giant cockroach.
Your tail-slap misses the giant cockroach.
The giant cockroach is almost dead.
The giant cockroach bites you.
You hit the giant cockroach.
You kill the giant cockroach!
No target in view!
No target in view!
No target in view!
You can no longer pass through a line of other dancers.
Key pressed, stopping explore.
A worm comes into view.
A hobgoblin comes into view.
There are monsters nearby!
There are monsters nearby!
There are monsters nearby!
The hobgoblin shouts!
You hit the hobgoblin.
You kill the hobgoblin!
The worm bites you!
You barely miss the worm. The worm bites you.
You hit the worm.
The worm is moderately wounded.
You hit the worm but do no damage.
Your tail-slap misses the worm.
The worm is moderately wounded.
The worm barely misses you.
You hit the worm but do no damage.
The worm is lightly wounded.
The worm bites you.
You are too injured to fight recklessly!
You are too injured to fight recklessly!
You are too injured to fight recklessly!
You barely miss the worm.
The worm is lightly wounded.
You hit the worm.
The worm is heavily wounded.
The worm bites you.
You hit the worm.
Your tail-slap misses the worm.
The worm is heavily wounded.
The worm closely misses you.
You hit the worm but do no damage.
The worm is heavily wounded.
You hit the worm.
The worm is severely wounded.
The worm bites you!
You die...

#...# ######
#...# #..
####...# #
#.. #.....##
.. #..
#.#######...
#..
#....!......
#..
##...........
#..
#............
#..
##...@.......
#..
#...w....###
###
#........#
#........#
##########


You could see a worm.

Vanquished Creatures
  An adder (D:2)
  2 dart slugs
  4 ball pythons
  6 endoplasms
  A giant cockroach (D:2)
  7 goblins (D:1)
  4 hobgoblins
  6 jackals
  2 bats
  A frilled lizard (D:1)
  3 kobolds (D:1)
  2 rats (D:1)
39 creatures vanquished.

Vanquished Creatures (others)
  A plant (D:1)
1 creature vanquished.

Grand Total: 40 creatures vanquished

Notes
Turn   | Place    | Note
-------+----------+-------------------------------------------
     0 | D:1      | SkeletonJelly the Draconian Monk began the quest for the
                  | Orb.
     0 | D:1      | Reached XP level 1. HP: 19/19 MP: 1/1
    62 | D:1      | Reached XP level 2. HP: 26/26 MP: 2/2
   263 | D:1      | Found a faded altar of an unknown god.
   303 | D:1      | You fall into a shaft and drop 1 floor!
   529 | D:1      | Reached skill level 4 in Long Blades
   860 | D:1      | Reached XP level 3. HP: 31/31 MP: 3/3
  1191 | D:1      | Became a worshipper of Uskayaw the Reveller
  1191 | D:1      | Reached * piety under Uskayaw
  1191 | D:1      | Reached ** piety under Uskayaw
  1982 | D:2      | Slain by a worm

Illustrated notes

Levels and vault maps discovered:
D:1:      saegor_arrival_simple_d, layout_basic, serial_forest,
          infiniplex_forest_lined_corner, infiniplex_forest_clump_curved,
          infiniplex_forest_clump_small, infiniplex_forest_end_3,
          infiniplex_forest_end_double, infiniplex_forest_join,
          infiniplex_forest_3_way, hellmonk_ecumenical_altar_blasted
D:2:      layout_basic

Skill      XL: |  1  2 |
---------------+-------+-----
Long Blades    | 4 |  4.8
Fighting       | |  3.2
Dodging        | |  2.6
Stealth        | |  1.7

Action                   || total
-------------------------++-------
Melee: Falchion          ||   121
       Tailslap          ||    14
 Stab: Sleeping          ||     5
Armor: Skin              ||    36
Dodge: Dodged            ||    81
       Rpst.: Falchion   ||    22
